 Dungeon Crawl Stone Soup version 0.27.0-1-g7a08968 (webtiles) character file.

Game seed: 8349807368705801673

44 Scud the Magician (level 3, -3/27 HPs)
             Began as a Djinni Fire Elementalist on Aug 22, 2021.
             Slain by Natasha (6 damage)
             ... on level 2 of the Dungeon.
             The game lasted 00:05:29 (1516 turns).

Scud the Magician (Djinni Fire Elementalist)        Turns: 1516, Time: 00:05:30

Health: -3/27      AC:  2    Str:  7    XL:     3   Next: 87%
Gold:   38         EV: 12    Int: 17    God:
                   SH:  0    Dex: 13

rFire    + + .     SeeInvis .   (no weapon)
rCold    x . .     Faith    .   (no shield)
rNeg     . . .     Spirit   .   a - +0 robe
rPois    ∞         Reflect  .   (no helmet)
rElec    .         Harm     .   (no cloak)
rCorr    .         Rampage  .   (no gloves)
Will     .....                  (boots unavailable)
Stlth    ++........             (no amulet)
HPRegen  0.09/turn              (no ring)
MPRegen  0.00/turn              (no ring)

@: flying
A: sickness immunity, fire resistance 2, cold vulnerability 1, float, innate
caster, hp casting, extra vitality 1
a: no special abilities


You were on level 2 of the Dungeon.
You visited 1 branch of the dungeon, and saw 2 of its levels.

You collected 38 gold pieces.

Inventory:

Hand Weapons
 b - a +0 dagger of venom
Armour
 a - a +0 robe (worn)
Scrolls
 c - a scroll of fear {unknown}
 d - a scroll of noise {unknown}
 e - a scroll of vulnerability {unknown}
 f - a scroll of enchant armour {unknown}


   Skills:
 * Level 1.3 Fighting
 + Level 2.5 Dodging
 - Level 1.7 Stealth
 * Level 3.1 Spellcasting


You couldn't memorise any spells.
You knew the following spells:

 Your Spells              Type           Power      Damage    Failure   Level
a - Foxfire               Conj/Fire      52%        2x1d6     4%          1
b - Conjure Flame         Conj/Fire      13%        6-21      14%         3
c - Inner Flame           Hex/Fire       13%        N/A       14%         3
d - Sticky Flame          Conj/Fire      13%        2d4       43%         4
e - Fireball              Conj/Fire      6%         3d5       80%         5
f - Magic Dart            Conj           52%        1d5       4%          1
Your spell library was empty.

Dungeon Overview and Level Annotations

Branches:
Dungeon (2/15)

Altars:

Annotations:
D:2 Natasha


Innate Abilities, Weirdness & Mutations

You are immune to sickness and miasma.
You are immune to poison.
Your flesh is very heat resistant. (rF++)
You are vulnerable to cold. (rC-)
You float through the air rather than walking.
You learn spells naturally, not from books.
Your magical power is your life essence.
You have superior vitality. (+4 HP)


Message History

Confirm with . or Enter, or press ? or * to list all spells.
You conjure some foxfire!
The foxfire hits Natasha.
Natasha completely resists.
Natasha is heavily wounded.
The foxfire hits Natasha but does no damage.
Natasha is heavily wounded.
Natasha claws you.
* * * LOW HITPOINT WARNING * * *
Casting: Foxfire (safe; 4% risk of failure)
Confirm with . or Enter, or press ? or * to list all spells.
You conjure some foxfire!
* * * LOW HITPOINT WARNING * * *
The foxfire hits Natasha.
Natasha completely resists.
Natasha is heavily wounded.
The foxfire hits Natasha.
Natasha resists.
Natasha is heavily wounded.
Natasha barely misses you.
Casting: Foxfire (safe; 4% risk of failure)
Confirm with . or Enter, or press ? or * to list all spells.
You conjure some foxfire!
* * * LOW HITPOINT WARNING * * *
The foxfire hits Natasha.
Natasha resists.
Natasha is heavily wounded.
The foxfire hits Natasha.
Natasha resists.
Natasha is severely wounded.
Natasha claws you.
* * * LOW HITPOINT WARNING * * *
The foxfire hits Natasha.
Natasha resists.
Natasha is severely wounded.
The foxfire hits Natasha.
Natasha resists.
Natasha is almost dead.
Natasha wildly gestures.
Natasha shimmers violently.
Natasha claws you.
* * * LOW HITPOINT WARNING * * *
Casting: Foxfire (safe; 4% risk of failure)
Confirm with . or Enter, or press ? or * to list all spells.
You conjure some foxfire!
* * * LOW HITPOINT WARNING * * *
Natasha claws you.
You die...

+.......<.'.... ..
#.........####. #.
##.......## ## .####
##.....## # # ##...##
##...## #.##.....#
##+# #........#
#..h..# #.v@#
####v#### #.......#
#.##.##.# ### #
#.##.### #..
#......##########.#
#.......#............#
######################


You could see Natasha (resistant, ally target).

Vanquished Creatures
  4 bats (D:1)
  4 endoplasms (D:1)
  2 giant cockroaches (D:1)
  A goblin (D:1)
  5 hobgoblins
  9 jackals (D:1)
  6 kobolds (D:1)
  A ball python (D:2)
  2 frilled lizards
  5 rats (D:1)
39 creatures vanquished.

Vanquished Creatures (others)
  114 foxfires
114 creatures vanquished.

Grand Total: 153 creatures vanquished

Notes
Turn   | Place    | Note
-------+----------+-------------------------------------------
     0 | D:1      | Scud the Djinni Fire Elementalist began the quest for the
                  | Orb.
     0 | D:1      | Reached XP level 1. HP: 15/15 MP: 0/0
    28 | D:1      | Reached XP level 2. HP: 10/21 MP: 0/0
   565 | D:1      | Reached XP level 3. HP: 23/26 MP: 0/0
   565 | D:1      | Learned a level 1 spell: Magic Dart
   579 | D:1      | Reached skill level 3 in Spellcasting
   875 | D:1      | Found a faded altar of an unknown god.
   903 | D:1      | Reached skill level 1 in Fighting
  1503 | D:2      | Noticed Natasha
  1516 | D:2      | Slain by Natasha

Illustrated notes

Levels and vault maps discovered:
D:1:      ebering_trefoil_3fold, layout_basic,
          shapermc_ecumenical_altar_notcrosses
D:2:      minmay_chambers_of_twos, layout_loops_corners, basic_altar,
          uniq_natasha

Skill      XL: |  1  2  3 |
---------------+----------+-----
Spellcasting   | 3 |  3.1
Fighting       | 1 |  1.3
Dodging        | |  2.5
Stealth        | |  1.7

Action                   || total
-------------------------++-------
 Cast: Foxfire           ||    76
Armor: Robe              ||     6
Dodge: Dodged            ||    17
